 Seeded DCSS version 0.31-a0-1-g4198be8af4 (webtiles) character file.

Game seed: 548224908236487523 (custom seed)

725 Pimp the Poker (level 7, 0/55 HPs)
             Began as a Merfolk Gladiator on May 2, 2023.
             Slain by Pikel
             ... wielding a +0 whip of flaming
              (1 damage)
             ... on level 5 of the Dungeon.
             The game lasted 00:07:51 (4134 turns).

Pimp the Poker (Merfolk Gladiator)                  Turns: 4134, Time: 00:07:52

Health: 0/55       AC:  7    Str: 16    XL:     7   Next: 71%
Magic:  7/7        EV:  9    Int:  8    God:
Gold:   299        SH:  0    Dex: 15    Spells: 6/6 levels left

rFire   + . .        t - +8 lance "Wyrmbane" {slay drac, rPois rF+ rC+ AC+3}
rCold   + . .        (no shield)
rNeg    . . .        l - +0 chain mail
rPois   +            c - +0 helmet
rElec   .            i - +0 cloak
rCorr   .            (no gloves)
SInv    .            p - +0 pair of boots
Will    .....        (no amulet) Stlth
                     (no ring)
HPRegen 0.29/turn    (no ring)
MPRegen 0.10/turn

%: random rage (3%)
@: corroded
A: (nimble swimmer 2), mertail, berserk 1, inability to drink after injury 1
a: no special abilities


You were on level 5 of the Dungeon.
You visited 1 branch of the dungeon, and saw 5 of its levels.

You collected 359 gold pieces.
You spent 60 gold pieces at shops.

Inventory:

Hand Weapons
 a - a +0 trident
 t - the +8 lance "Wyrmbane" (weapon) {slay drac, rPois rF+ rC+ AC+3}
   (You found it on level 3 of the Dungeon)

   AC:        It affects your AC (+3).
   rF:        It protects you from fire.
   rC:        It protects you from cold.
   rPois:     It protects you from poison.
Missiles
 d - 3 throwing nets (quivered)
 e - a javelin
Armour
 b - a +0 leather armour
 c - a +0 helmet (worn)
 i - a +0 cloak (worn)
 l - a +0 chain mail (worn)
 p - a +0 pair of boots (worn)
Jewellery
 q - a ring of ice
Scrolls
 g - a scroll of magic mapping {unknown}
 n - 2 scrolls of noise {unknown}
 o - 6 scrolls of identify
 r - 2 scrolls of enchant armour {unknown}
 s - a scroll of fear {unknown}
 v - a scroll of poison {unknown}
 w - a scroll of vulnerability {unknown}
Potions
 f - a potion of flight
 x - a potion of brilliance {unknown}
 z - 2 potions of degeneration {unknown}


   Skills:
 + Level 4.7 Fighting
 + Level 6.3 Polearms
 + Level 4.2 Throwing
 + Level 2.0 Armour
 + Level 6.3 Dodging


You had 6 spell levels left.
You didn't know any spells.
Your spell library contained the following spells:

 Spells                   Type           Power      Damage    Failure   Level
 Blink                    Tloc           0%         N/A       100%        2
 Lesser Beckoning         Tloc           0%         N/A       100%        2
 Momentum Strike          Conj/Tloc      0%         3d8       100%        2


Dungeon Overview and Level Annotations

Branches:
Dungeon (5/15)
 Temple: D:4-7

Altars:
Nemelex Xobeh
Xom

Shops:
D:4 *

Annotations:
D:5 Pikel


Innate Abilities, Weirdness & Mutations

((You are very nimble when in or above water. (Stealth+, EV+, Speed+++)))
Your lower body shifts to a powerful aquatic tail in water.
You sometimes lose your temper in combat.
You occasionally lose the ability to drink potions when taking damage.


Message History

Pikel burns you.
* * * LOW HITPOINT WARNING * * *
Pikel attacks as you move away! Pikel completely misses you.
There is a stone staircase leading up here.
As you read the scroll labelled EQOOJI KULORA, it crumbles to dust.
The scroll dissolves into smoke.
It was a scroll of fog.
Pikel zaps a wand.
The bolt of acid misses you.
The now-empty wand crumbles to dust.
Pikel attacks as you move away! Pikel misses you.
Pikel cracks his whip.
Pikel waves his whip at you. Pikel misses you. Pikel attacks as you move away!
Pikel hits you with a +0 whip of flaming.
* * * LOW HITPOINT WARNING * * *
Pikel attacks as you move away!
Pikel hits you with a +0 whip of flaming!
* * * LOW HITPOINT WARNING * * *
Pikel burns you.
* * * LOW HITPOINT WARNING * * *
Pikel cracks his whip.
You hit Pikel.
Pikel is lightly wounded.
You feel better.
Pikel hits you with a +0 whip of flaming.
* * * LOW HITPOINT WARNING * * *
You hit Pikel but do no damage.
Pikel is lightly wounded.
Pikel says, "You'll feel the lick of my whip!"
Pikel hits you with a +0 whip of flaming!
* * * LOW HITPOINT WARNING * * *
It was a potion of mutation.
You feel extremely strange.
You occasionally lose the ability to drink potions when taking damage.
You feel a little pissed off. Pikel hits you but does no damage.
You barely miss Pikel.
Pikel is lightly wounded.
Pikel hits you with a +0 whip of flaming.
* * * LOW HITPOINT WARNING * * *
Pikel burns you.
You die...

.. #.# #.# #.## #..
#..##########..
#..#.......##..#
#..#.......#...5
#.........§# 5Y5##
#.K#§§§§§§.#..#5#K
#@.#§§§#§###..##§.
#..§.§§§§# #..###.
##.....######..##.#
................#...
.##.....#).####.#...
...........# #.#...
.##........####..#.#
#............K.##.
.######....#####5#..


You could see Pikel.

Vanquished Creatures
  A black bear (D:4)
  2 ogres
  4 lemures (D:4)
  A scorpion (D:5)
  A jelly (D:4)
  An orc priest (D:3)
  2 iguanas (D:4)
  12 gnolls
  5 adders
  A shadow imp (D:5)
  An ufetubus (D:5)
  5 worms
  2 dart slugs
  11 orcs
  3 bats
  9 endoplasms
  2 giant cockroaches (D:2)
  10 goblins
  11 hobgoblins
  3 jackals (D:1)
  5 kobolds
  2 quokkas
  7 ball pythons
  2 frilled lizards (D:1)
  4 rats
107 creatures vanquished.

Vanquished Creatures (others)
  3 plants (D:3)
3 creatures vanquished.

Grand Total: 110 creatures vanquished

Notes
Turn   | Place    | Note
-------+----------+-------------------------------------------
     0 | D:1      | Pimp the Merfolk Gladiator began the quest for the Orb.
     0 | D:1      | Reached XP level 1. HP: 16/16 MP: 1/1
   192 | D:1      | Reached XP level 2. HP: 23/23 MP: 2/2
   780 | D:1      | HP: 1/23 [gnoll/+0 whip (5)]
   781 | D:1      | Reached XP level 3. HP: 1/28 MP: 3/3
   955 | D:2      | Reached XP level 4. HP: 18/35 MP: 4/4
  1408 | D:2      | Found a faded altar of an unknown god.
  1902 | D:3      | Reached skill level 5 in Polearms
  1998 | D:3      | Reached skill level 5 in Dodging
  1998 | D:3      | Reached XP level 5. HP: 41/41 MP: 5/5
  2358 | D:3      | Found a shimmering altar of Xom.
  2415 | D:3      | Found the +8 lance "Wyrmbane" {slay drac, rPois rF+ rC+
                  | AC+3}
  2880 | D:4      | Reached XP level 6. HP: 48/48 MP: 6/6
  2920 | D:4      | Reached skill level 1 in Armour
  3056 | D:4      | Noticed a black bear
  3067 | D:4      | Killed a black bear
  3073 | D:4      | Reached XP level 7. HP: 28/54 MP: 7/7
  3179 | D:4      | Found Wiajugh's General Store.
  3182 | D:4      | Bought a potion of heal wounds for 60 gold pieces
  3432 | D:5      | Entered Level 5 of the Dungeon
  3563 | D:5      | Found a sparkling altar of Nemelex Xobeh.
  3753 | D:5      | Noticed Pikel
  3767 | D:5      | HP: 1/55 [Pikel/bolt of acid (23)]
  4133 | D:5      | Gained mutation: You occasionally lose the ability to drink
                  | potions when taking damage. [potion of mutation]
  4133 | D:5      | Gained mutation: You sometimes lose your temper in combat.
                  | [potion of mutation]
  4134 | D:5      | HP: 1/55 [Pikel/+0 whip of flaming (6)]
  4134 | D:5      | Slain by Pikel

Illustrated notes

Levels and vault maps discovered:
D:1:      evilmike_arrival_rings, layout_rooms, serial_glass, glass_columns_c,
          glass_columns_a, glass_columns_a, glass_columns_a
D:2:      layout_loops_corners, shapermc_ecumenical_altar_totnotflames
D:3:      corexii_shack_village, layout_loops_ring, amcnicky_altar_gilded,
          st_stairs_13, chequers_serial_rivers_room_a
D:4:      minmay_angry_zag, layout_rooms, serial_shops, kennysheep_mini
D:5:      nicolae_cairo_tiling, layout_basic, nemelex_altar_shiori,
          temple_statues, minmay_misc_feat_tiny, uniq_pikel

Skill      XL: |  1  2  3  4  5  6  7 |
---------------+----------------------+-----
Fighting       | 3 4 |  4.7
Polearms       | 5 6 |  6.3
Throwing       | 3 4 |  4.2
Dodging        | 5 6 |  6.3
Armour         | 1 2 |  2.0

Action                     |  1- 3 |  4- 6 |  7- 9 || total
---------------------------+-------+-------+-------++-------
  Melee: Trident           |    64 |   111 |       ||   175
         Punch             |       |     2 |     1 ||     3
         Lance             |       |    74 |   127 ||   201
    Use: Scroll            |     1 |       |     2 ||     3
         Potion            |     5 |       |     5 ||    10
   Stab: Sleeping          |     1 |       |       ||     1
 Armour: Leather armour    |    18 |    13 |       ||    31
         Chain mail        |       |    62 |    49 ||   111
  Dodge: Dodged            |    72 |    86 |    49 ||   207

Table legend: (Time is in decaauts)
 A = Elapsed time spent in this place.
 B = Non-inter-level travel time spent in this place.
 C = Inter-level travel time spent in this place.
 D = Time resting spent in this place.
 E = Time spent auto-exploring this place.
 F = Levels seen in this place.
 G = Mean time per level.
                   A        B        C        D        E       F      G
               +--------+--------+--------+--------+--------+-----+--------+
         Total |   4089 |   4031 |     58 |    871 |   2182 |   5 |  817.8 |
       Dungeon |   4089 |   4031 |     58 |    871 |   2182 |   5 |  817.8 |
               +--------+--------+--------+--------+--------+-----+--------+

Top non-repeatable levels by time:
     D:2: 1237 daAuts
     D:3: 913 daAuts
     D:4: 841 daAuts
     D:1: 703 daAuts
     D:5: 393 daAuts
